 Dungeon Crawl Stone Soup version 0.31-a0-237-g2d982f9f85 (webtiles) character file.

Game seed: 3908106589036440370

14359 qw the Skirmisher (level 11, -5/101 HPs)
             Began as a Minotaur Hexslinger on July 10, 2023.
             Was an Elder of Okawaru.
             Slain by a komodo dragon (12 damage)
             ... on level 1 of the Lair of Beasts.
             The game lasted 00:04:07 (11553 turns).

qw the Skirmisher (Minotaur Hexslinger)            Turns: 11553, Time: 00:04:07

Health: -5/101     AC: 14    Str: 14    XL:     11   Next: 87%
Magic:  13/14      EV: 20    Int: 10    God:    Okawaru [****..]
Gold:   133        SH:  0    Dex: 22    Spells: 11/12 levels left

rFire   + . .        c - +0 arbalest
rCold   . . .        (shield currently unavailable)
rNeg    . . .        q - +2 ring mail of Bitterness {rF+ Slay+5}
rPois   +            r - +1 hat
rElec   .            i - +0 cloak
rCorr   .            a - +1 pair of gloves
SInv    +            (no boots)
Will    .....        (no amulet)
Stlth   +++          n - ring of poison resistance
HPRegen 0.36/turn    h - +6 ring of dexterity
MPRegen 0.14/turn

%: no passive effects
@: about to teleport, heroic
A: horns 2, retaliatory headbutt, see invisible, deterioration 1
a: Renounce Religion, Heroism, Finesse


You were on level 1 of the Lair of Beasts.
You worshipped Okawaru.
Okawaru was greatly pleased with you.
You visited 3 branches of the dungeon, and saw 13 of its levels.

You collected 542 gold pieces.
You spent 409 gold pieces at shops.


Innate Abilities, Weirdness & Mutations

You have a pair of horns on your head.
You reflexively headbutt those who attack you in melee.
You have supernaturally acute eyesight. (SInv)
Your body sometimes deteriorates upon taking damage.


   Skills:
 - Level 10.3(15.3) Fighting
 + Level 14.7(19.7) Ranged Weapons
 - Level 5.7(10.7) Armour
 - Level 8.2(13.2) Dodging
 - Level 1.0 Spellcasting
 - Level 2.0 Hexes
 + Level 6.6 Invocations


You had 11 spell levels left.
You knew the following spells:

 Your Spells              Type           Power      Damage    Failure   Level
a - Slow                  Hex            16%        N/A       26%         1

Your spell library contained the following spells:

 Spells                   Type           Power      Damage    Failure   Level
 Inner Flame              Hex/Fire       2%         N/A       75%         3
 Portal Projectile        Hex/Tloc       4%         N/A       75%         3
 Cause Fear               Hex            2%         N/A       95%         4

Inventory:

Hand Weapons
 c - a +0 arbalest (weapon)
Armour
 a - a +1 pair of gloves (worn)
 f - the +1 ring mail of Slovenliness {rPois Dex+2}
   (You bought it in a shop on level 10 of the Dungeon)

   Dex:       It affects your dexterity (+2).
   rPois:     It protects you from poison.
 i - a +0 cloak (worn)
 q - the +2 ring mail of Bitterness (worn) {rF+ Slay+5}
   (You found it on level 1 of the Lair of Beasts)

   Slay:      It affects your accuracy & damage with ranged weapons and melee
   (+5).
   rF:        It protects you from fire.
 r - a +1 hat (worn)
Jewellery
 h - a +6 ring of dexterity (right hand)
 n - a ring of poison resistance (left hand)
 Y - a +4 ring of slaying {mikee}
Wands
 o - a wand of digging (9)
Scrolls
 e - 3 scrolls of identify
 j - 2 scrolls of teleportation
Potions
 b - a potion of resistance
 d - 3 potions of curing
 g - a potion of cancellation
 k - 2 potions of mutation
 l - 3 potions of enlightenment
 m - 4 potions of might

Dungeon Overview and Level Annotations

Branches:
Dungeon (10/15)            Temple (1/1) D:4            Lair (2/5) D:10
  Swamp: Lair:2-3    Shoals: Lair:2-3     Snake: Lair:2-3    Spider: Lair:2-3
    Orc: D:9-12

Altars:
Ashenzari
Cheibriados
Dithmenos
Elyvilon
Fedhas
Gozag
Hepliaklqana
Kikubaaqudgha
Makhleb
Nemelex Xobeh
Okawaru
Qazlal
Ru
Sif Muna
Trog
Uskayaw
Vehumet
Wu Jian
Xom
Yredelemnul
Zin
The Shining One

Shops:
D:10 [

Portals:
Abyss: D:8

Annotations:
D:3 1 runed translucent door, Crazy Yiuf
D:6 3 runed translucent doors, qw's ghost, novice GrHs
D:7 3 runed translucent doors
D:8 2 transporters, qw's ghost, novice GrFi


Message History

The skyshark tail-slaps you. The bullfrog closely misses you.
The bullfrog hits you but does no damage.
The skyshark bites you!! The skyshark completely misses you.
The skyshark closely misses you.
11549 ||| STAIRDANCE The bullfrog misses you.
You furiously retaliate!
You headbutt the bullfrog! The bullfrog misses you. The skyshark misses you. x2
The skyshark barely misses you. The komodo dragon closely misses you.
You furiously retaliate!
You headbutt the komodo dragon.
The bullfrog completely misses you. x2; You furiously retaliate!
You headbutt the bullfrog.
You climb upwards.
There is a stone staircase leading down here.
Enter note:
Enter note:
Enter note:
Enter note:
Enter note:
Enter note:
Enter note:
Enter note: You shoot a bolt.
The bolt hits the bullfrog!
You kill the bullfrog!
Okawaru accepts your kill. The skyshark bites you. The skyshark misses you.
The skyshark closely misses you. The bullfrog misses you.
The komodo dragon bites you! The skyshark bites you!
The skyshark closely misses you. The skyshark misses you.
11552 ||| READING 3 scrolls of teleportation.
As you read the scroll of teleportation, it crumbles to dust.
You feel strangely unstable. The bullfrog closely misses you.
The skyshark misses you. x2
The skyshark completely misses you. The komodo dragon misses you.
The bullfrog completely misses you. You furiously retaliate!
You headbutt the bullfrog. You shoot a bolt.
The bolt closely misses the bullfrog.
The skyshark bites you! The skyshark completely misses you.
The skyshark tail-slaps you. The bullfrog misses you.
The komodo dragon bites you!
You die...

........>..##..####..............
..............####...............
...............#.#...............
....#............................
#...#...................##.......
#.......................#........
............#.....###............
..........###..lFl.####..........
.......#####....@..###...........
.##....## ##........###......##.#
###.....###.........##......#####
# ##......##........#......P###..
# ##......#..............####...
# #.:...................###...#
######..................####....#
#.#.#.#................###.......
.#...#####.......<...#####.......


You could see a skyshark (berserk), a komodo dragon and a bullfrog.

Vanquished Creatures
  Gastronok (D:10)
  2 two-headed ogres (D:10)
  A cyclops (D:10)
  A black mamba (Lair:1)
  Joseph (D:8)
  Psyche (D:10)
  A rime drake (Lair:1)
  4 komodo dragons
  Prince Ribbit (D:6)
  Sigmund (D:6)
  A wraith (D:10)
  26 yaks
  2 wyverns (D:10)
  A basilisk (D:10)
  A swamp worm (D:9)
  6 water moccasins
  Duvessa (D:4)
  A black bear (D:5)
  An orc warrior (D:10)
  3 ice beasts
  A sky beast (D:7)
  An ogre (D:5)
  4 wolves (Lair:1)
  2 centaurs (D:9)
  2 phantoms
  2 kobold brigands
  4 bullfrogs
  3 scorpions
  4 gnoll sergeants
  4 wights (D:8)
  Dowan (D:4)
  19 killer bees
  A howler monkey (D:4)
  An orc priest (D:7)
  6 hounds
  3 jellies
  Terence (D:3)
  3 iguanas
  2 sleepcaps
  Natasha (thrice) (D:3)
  3 orc wizards
  18 gnolls
  5 adders
  A shadow imp (D:6)
  A white imp (D:6)
  An ufetubus (D:6)
  3 worms (D:2)
  4 dart slugs
  14 orcs
  6 endoplasms
  A giant cockroach (D:2)
  7 hobgoblins
  4 jackals (D:4)
  16 kobolds
  3 quokkas
  8 ball pythons
  5 bats
  5 frilled lizards
  6 goblins
  3 rats
238 creatures vanquished.

Notes
Turn   | Place    | Note
-------+----------+-------------------------------------------
     0 | D:1      | qw the Minotaur Hexslinger began the quest for the Orb.
     0 | D:1      | Reached XP level 1. HP: 16/16 MP: 1/1
     0 | D:1      | 0 ||| qw: Version: 0.3-a-52-g30416fa
     0 | D:1      | 0 ||| qw: Game counter: 5305
     0 | D:1      | 0 ||| qw: Melee chars always use a shield: true
     0 | D:1      | 0 ||| qw: God list: Okawaru
     0 | D:1      | 0 ||| qw: Allow faded altars: false
     0 | D:1      | 0 ||| qw: Do Orc after clearing Dungeon:15 true
     0 | D:1      | 0 ||| qw: Do second Lair branch before Depths: true
     0 | D:1      | 0 ||| qw: Lair rune preference: random
     0 | D:1      | 0 ||| qw: Goals: Normal
     0 | D:1      | 0 ||| PLANNING D:1-11
   132 | D:1      | Reached skill level 3 in Ranged Weapons
   150 | D:1      | 150 ||| FLEEEEING.
   151 | D:1      | 151 ||| FLEEEEING.
   179 | D:1      | Reached XP level 2. HP: 23/23 MP: 2/2
   558 | D:1      | 558 ||| UPGRADING to +0 cloak.
   563 | D:1      | 563 ||| UPGRADING to +4 ring of slaying {mikee}.
   564 | D:1      | 564 ||| UPGRADING to +6 ring of dexterity.
   565 | D:1      | 565 ||| READING scroll labelled QOIGITH WAZI.
   566 | D:1      | 566 ||| READING 2 scrolls labelled JICZEU ZAMN.
   571 | D:1      | 571 ||| DRINKING 2 puce potions.
   572 | D:1      | 572 ||| DROPPING scroll of poison.
   655 | D:2      | Reached XP level 3. HP: 29/29 MP: 3/3
   754 | D:2      | Reached skill level 4 in Ranged Weapons
   951 | D:2      | 951 ||| READING scroll labelled CANWIB NEHARHE.
   982 | D:3      | Noticed Natasha
   994 | D:3      | Killed Natasha
   995 | D:3      | Reached XP level 4. HP: 36/36 MP: 4/4
  1005 | D:3      | Identified the +3 hammer of Mana {pain, Dex+2}
  1008 | D:3      | Found a runed translucent door.
  1009 | D:3      | Noticed Crazy Yiuf
  1082 | D:3      | Noticed Terence
  1085 | D:3      | Killed Terence
  1086 | D:3      | Reached skill level 5 in Ranged Weapons
  1097 | D:3      | Found a faded altar of an unknown god.
  1118 | D:3      | Noticed Natasha
  1122 | D:3      | Killed Natasha
  1379 | D:3      | Noticed Natasha
  1383 | D:3      | Killed Natasha
  1384 | D:3      | Reached skill level 3 in Fighting
  1384 | D:3      | Reached XP level 5. HP: 45/45 MP: 5/5
  1691 | D:3      | 1691 ||| UPGRADING to +0 leather armour.
  1701 | D:3      | 1701 ||| DROPPING +0 robe.
  1702 | D:3      | 1702 ||| READING 2 scrolls labelled PASSUS PU JUEMN.
  1703 | D:3      | 1703 ||| DRINKING 2 glowing sapphire potions.
  1704 | D:3      | 1704 ||| DROPPING scroll of vulnerability.
  1736 | D:4      | Noticed Dowan
  1745 | D:4      | Killed Dowan
  1757 | D:4      | Noticed Duvessa
  1758 | D:4      | 1758 ||| FLEEEEING.
  1767 | D:4      | 1767 ||| STAIRDANCE
  1842 | D:4      | Killed Duvessa
  1843 | D:4      | Reached skill level 6 in Ranged Weapons
  1843 | D:4      | Reached XP level 6. HP: 51/51 MP: 6/6
  1998 | D:4      | Found a staircase to the Ecumenical Temple.
  1999 | D:4      | 1999 ||| PLANNING TEMPLE
  1999 | D:4      | 1999 ||| READING scroll labelled VECVIN LUCILL.
  2000 | D:4      | 2000 ||| DRINKING 3 smoky green potions.
  2006 | Temple   | Entered the Ecumenical Temple
  2019 | Temple   | 2019 ||| PLANNING OKAWARU WORSHIP
  2171 | Temple   | Became a worshipper of Warmaster Okawaru
  2172 | Temple   | 2172 ||| PLANNING D:1-11
  2759 | D:4      | 2759 ||| UPGRADING to ring of poison resistance.
  2761 | D:4      | 2761 ||| READING scroll labelled CISHRE DULI.
  2762 | D:4      | 2762 ||| READING scroll labelled KYHITO PAUNWYA.
  2784 | D:5      | Entered Level 5 of the Dungeon
  2791 | D:5      | 2791 ||| STAIRDANCE
  2822 | D:5      | Reached skill level 3 in Dodging
  2832 | D:5      | Reached skill level 7 in Ranged Weapons
  2832 | D:5      | Reached XP level 7. HP: 51/59 MP: 7/7
  2918 | D:5      | Reached * piety under Okawaru
  3077 | D:5      | Reached skill level 8 in Ranged Weapons
  3077 | D:5      | Reached skill level 1 in Invocations
  3154 | D:5      | Found a glowing silver altar of Zin.
  3154 | D:5      | Noticed an angel
  3265 | D:5      | 3265 ||| Stepping ~*~*~tactically~*~*~ (outnumbered).
  3403 | D:5      | Reached XP level 8. HP: 68/68 MP: 7/9
  3454 | D:5      | 3454 ||| INVOKING Heroism.
  3459 | D:5      | Reached skill level 3 in Invocations
  3654 | D:5      | 3654 ||| READING scroll labelled JEEXUL WERR.
  3655 | D:5      | 3655 ||| READING 2 scrolls of identify.
  3655 | D:5      | 3655 ||| IDENTIFYING blue potion
  3656 | D:5      | 3656 ||| DROPPING potion of invisibility.
  3705 | D:6      | 3705 ||| INVOKING Heroism.
  3812 | D:6      | Found a runed translucent gate.
  3813 | D:6      | Found a runed translucent gate.
  3814 | D:6      | Found a runed translucent gate.
  3817 | D:6      | Noticed qw's ghost (novice GrHs)
  3827 | D:6      | Found a broken altar of Ashenzari.
  3934 | D:6      | Noticed Prince Ribbit
  3935 | D:6      | 3935 ||| INVOKING Heroism.
  3947 | D:6      | Killed Prince Ribbit
  3948 | D:6      | Reached skill level 9 in Ranged Weapons
  4131 | D:6      | 4131 ||| Stepping ~*~*~tactically~*~*~ (outnumbered).
  4135 | D:6      | Noticed Sigmund
  4136 | D:6      | 4136 ||| INVOKING Heroism.
  4160 | D:6      | Killed Sigmund
  4160 | D:6      | Reached ** piety under Okawaru
  4161 | D:6      | Reached skill level 6 in Fighting
  4491 | D:6      | 4491 ||| UPGRADING to +0 ring mail.
  4501 | D:6      | 4501 ||| DROPPING +0 leather armour.
  4502 | D:6      | 4502 ||| READING scroll labelled LOMOAKKEYS.
  4503 | D:6      | 4503 ||| READING scroll labelled SUYKKU MOMU.
  4504 | D:6      | 4504 ||| DRINKING 2 metallic clear potions.
  4505 | D:6      | 4505 ||| DRINKING 2 green potions.
  4505 | D:6      | Gained mutation: You are vulnerable to heat. (rF-) [potion
                  | of mutation]
  4569 | D:7      | 4569 ||| DRINKING potion of mutation.
  4569 | D:7      | Lost mutation: You are vulnerable to heat. (rF-) [potion of
                  | mutation]
  4569 | D:7      | Gained mutation: Your body sometimes deteriorates upon
                  | taking damage. [potion of mutation]
  4569 | D:7      | Gained mutation: You have supernaturally acute eyesight.
                  | (SInv) [potion of mutation]
  4620 | D:7      | 4620 ||| INVOKING Heroism.
  4624 | D:7      | Reached XP level 9. HP: 77/77 MP: 8/11
  4713 | D:7      | Found a glowing golden altar of the Shining One.
  4850 | D:7      | Found a runed translucent gate.
  4850 | D:7      | Found a runed translucent gate.
  4850 | D:7      | Found a runed translucent gate.
  4850 | D:7      | Noticed a death yak
  4850 | D:7      | Noticed a polar bear
  4850 | D:7      | Noticed a death yak
  4854 | D:7      | Found a radiant altar of Vehumet.
  4889 | D:7      | 4889 ||| INVOKING Heroism.
  4911 | D:7      | Noticed a polar bear
  4975 | D:7      | Reached skill level 10 in Ranged Weapons
  5514 | D:7      | 5514 ||| READING 3 scrolls of identify.
  5514 | D:7      | 5514 ||| IDENTIFYING pink potion
  5515 | D:7      | 5515 ||| READING 2 scrolls of identify.
  5515 | D:7      | 5515 ||| IDENTIFYING murky white potion
  5516 | D:7      | 5516 ||| DROPPING potion of degeneration.
  5517 | D:7      | 5517 ||| DROPPING potion of attraction.
  5578 | D:8      | Found a transporter.
  5674 | D:8      | 5674 ||| INVOKING Heroism.
  5820 | D:8      | 5820 ||| INVOKING Heroism.
  5934 | D:8      | Found a sparkling altar of Nemelex Xobeh.
  6047 | D:8      | 6047 ||| Stepping ~*~*~tactically~*~*~ (outnumbered).
  6050 | D:8      | 6050 ||| Stepping ~*~*~tactically~*~*~ (outnumbered).
  6113 | D:8      | Noticed a guardian serpent
  6145 | D:8      | 6145 ||| INVOKING Heroism.
  6149 | D:8      | Reached skill level 11 in Ranged Weapons
  6288 | D:8      | Found a transporter.
  6298 | D:8      | Found a one-way gate to the infinite horrors of the Abyss.
  6298 | D:8      | Noticed qw's ghost (novice GrFi)
  6320 | D:8      | Noticed Joseph
  6322 | D:8      | 6322 ||| FLEEEEING.
  6326 | D:8      | 6326 ||| FLEEEEING.
  6327 | D:8      | 6327 ||| FLEEEEING.
  6328 | D:8      | 6328 ||| FLEEEEING.
  6329 | D:8      | 6329 ||| FLEEEEING.
  6330 | D:8      | 6330 ||| FLEEEEING.
  6331 | D:8      | 6331 ||| FLEEEEING.
  6337 | D:8      | 6337 ||| FLEEEEING.
  6338 | D:8      | 6338 ||| FLEEEEING.
  6339 | D:8      | 6339 ||| FLEEEEING.
  6340 | D:8      | 6340 ||| FLEEEEING.
  6341 | D:8      | 6341 ||| FLEEEEING.
  6342 | D:8      | 6342 ||| FLEEEEING.
  6343 | D:8      | 6343 ||| STAIRDANCE
  6443 | D:7      | 6443 ||| UPGRADING to +1 pair of gloves.
  6492 | D:8      | 6492 ||| FLEEEEING.
  6493 | D:8      | 6493 ||| STAIRDANCE
  6651 | D:8      | 6651 ||| STAIRDANCE
  6778 | D:8      | 6778 ||| STAIRDANCE
  6891 | D:8      | 6891 ||| STAIRDANCE
  7066 | D:8      | 7066 ||| STAIRDANCE
  7244 | D:8      | 7244 ||| STAIRDANCE
  7383 | D:8      | 7383 ||| INVOKING Heroism.
  7391 | D:8      | Killed Joseph
  7691 | D:8      | Found a shadowy altar of Dithmenos.
  7719 | D:8      | Noticed a rime drake
  7724 | D:8      | a rime drake changed into a harpy
  7724 | D:8      | Noticed a harpy (shapeshifter)
  7765 | D:9      | Found a shimmering blue altar of Sif Muna.
  7783 | D:9      | 7783 ||| Stepping ~*~*~tactically~*~*~ (outnumbered).
  7784 | D:9      | 7784 ||| Stepping ~*~*~tactically~*~*~ (outnumbered).
  7799 | D:9      | 7799 ||| FLEEEEING.
  7800 | D:9      | 7800 ||| FLEEEEING.
  7801 | D:9      | 7801 ||| FLEEEEING.
  7802 | D:9      | 7802 ||| FLEEEEING.
  7997 | D:9      | 7997 ||| READING scroll of brand weapon.
  7997 | D:9      | 7997 ||| BRANDING +2 sling of draining.
  7998 | D:9      | 7998 ||| DROPPING +1 sling of freezing.
  8038 | D:9      | 8038 ||| INVOKING Heroism.
  8042 | D:9      | Reached skill level 12 in Ranged Weapons
  8042 | D:9      | Reached XP level 10. HP: 45/86 MP: 9/12
  8051 | D:9      | 8051 ||| INVOKING Heroism.
  8057 | D:9      | 8057 ||| FLEEEEING.
  8237 | D:9      | Reached skill level 6 in Dodging
  8439 | D:9      | Reached *** piety under Okawaru
  8449 | D:9      | 8449 ||| INVOKING Heroism.
  8720 | D:9      | Reached skill level 13 in Ranged Weapons
  8725 | D:9      | 8725 ||| INVOKING Heroism.
  8979 | D:9      | 8979 ||| INVOKING Heroism.
  8990 | D:9      | 8990 ||| INVOKING Heroism.
  8998 | D:9      | HP: 18/88 [swamp worm (5)]
  8998 | D:9      | HP: 6/88 [swamp worm (12)]
  8999 | D:9      | 8999 ||| READING 4 scrolls of teleportation.
  9000 | D:9      | 9000 ||| DRINKING 3 potions of heal wounds.
  9338 | D:9      | 9338 ||| READING scroll labelled TIUFAEZEOGH.
  9339 | D:9      | 9339 ||| READING 3 scrolls of identify.
  9339 | D:9      | 9339 ||| IDENTIFYING murky black potion
  9340 | D:9      | 9340 ||| DROPPING potion of berserk rage.
  9343 | D:10     | Entered Level 10 of the Dungeon
  9410 | D:10     | Noticed a cyclops
  9411 | D:10     | 9411 ||| INVOKING Heroism.
  9415 | D:10     | Killed a cyclops
  9416 | D:10     | Reached skill level 9 in Fighting
  9676 | D:10     | 9676 ||| INVOKING Heroism.
  9861 | D:10     | Reached **** piety under Okawaru
  9862 | D:10     | Reached XP level 11. HP: 97/97 MP: 13/13
  9869 | D:10     | 9869 ||| INVOKING Heroism.
  9871 | D:10     | Reached skill level 14 in Ranged Weapons
  9880 | D:10     | HP: 22/97 [yak (4)]
  9881 | D:10     | 9881 ||| READING 5 scrolls of teleportation.
  9882 | D:10     | 9882 ||| DRINKING 2 potions of heal wounds.
  9884 | D:10     | Noticed Psyche
  9885 | D:10     | Paralysed by Psyche for 3 turns
  9889 | D:10     | HP: 21/97 [Psyche/+4 dagger of chaos (7)]
  9890 | D:10     | 9890 ||| READING 4 scrolls of teleportation.
  9891 | D:10     | 9891 ||| DRINKING potion of heal wounds.
  9893 | D:10     | Noticed a two-headed ogre
  9938 | D:10     | 9938 ||| INVOKING Heroism.
  9939 | D:10     | Killed Psyche
 10156 | D:10     | 10156 ||| INVOKING Heroism.
 10372 | D:10     | Found Olauli's Antique Armour Shop.
 10373 | D:10     | 10373 ||| INVOKING Heroism.
 10381 | D:10     | Killed a two-headed ogre
 10419 | D:10     | Noticed Gastronok
 10420 | D:10     | 10420 ||| INVOKING Heroism.
 10442 | D:10     | Killed Gastronok
 10507 | D:10     | 10507 ||| BUYING brightly glowing ring mail (225 gold).
 10507 | D:10     | Bought a brightly glowing ring mail for 225 gold pieces
 10507 | D:10     | Identified the +1 ring mail of Slovenliness {rPois Dex+2}
                  | (You bought it in a shop on level 10 of the Dungeon)
 10507 | D:10     | 10507 ||| BUYING embroidered robe (92 gold).
 10507 | D:10     | Bought an embroidered robe for 92 gold pieces
 10507 | D:10     | 10507 ||| BUYING embroidered robe (92 gold).
 10507 | D:10     | Bought an embroidered robe for 92 gold pieces
 10526 | D:10     | Found a staircase to the Lair.
 10571 | D:10     | Noticed a two-headed ogre
 10572 | D:10     | 10572 ||| INVOKING Heroism.
 10576 | D:10     | Killed a two-headed ogre
 10662 | D:10     | 10662 ||| READING scroll of enchant weapon.
 10662 | D:10     | 10662 ||| ENCHANTING +2 heavy sling.
 10716 | D:10     | 10716 ||| SWAPPING to +0 arbalest.
 10717 | D:10     | 10717 ||| DROPPING +3 heavy sling.
 10832 | D:10     | 10832 ||| PLANNING LAIR
 10832 | D:10     | 10832 ||| UPGRADING to +1 ring mail of Slovenliness {rPois
                  | Dex+2}.
 10842 | D:10     | 10842 ||| REMOVING ring of poison resistance.
 10843 | D:10     | 10843 ||| DROPPING +2 robe.
 10844 | D:10     | 10844 ||| UPGRADING to +1 hat.
 10849 | D:10     | 10849 ||| DROPPING +0 ring mail.
 10850 | D:10     | 10850 ||| UPGRADING to +4 ring of slaying {mikee}.
 10851 | D:10     | 10851 ||| READING scroll labelled EDECAOKEAG.
 10870 | D:10     | 10870 ||| INVOKING Heroism.
 10897 | Lair:1   | Entered Level 1 of the Lair of Beasts
 10988 | Lair:1   | Reached skill level 6 in Invocations
 11081 | Lair:1   | Identified the +2 ring mail of Bitterness {rF+ Slay+5}
 11109 | Lair:1   | 11109 ||| INVOKING Heroism.
 11185 | Lair:1   | 11185 ||| INVOKING Heroism.
 11491 | Lair:1   | 11491 ||| DROPPING +2 robe of resistance.
 11492 | Lair:1   | 11492 ||| UPGRADING to +2 ring mail of Bitterness {rF+
                  | Slay+5}.
 11502 | Lair:1   | 11502 ||| UPGRADING to ring of poison resistance.
 11504 | Lair:1   | 11504 ||| READING 4 scrolls of identify.
 11504 | Lair:1   | 11504 ||| IDENTIFYING fizzy dark potion
 11542 | Lair:2   | Noticed a skyshark
 11543 | Lair:2   | 11543 ||| INVOKING Heroism.
 11549 | Lair:2   | 11549 ||| STAIRDANCE
 11551 | Lair:1   | HP: 21/101 [skyshark (16)]
 11552 | Lair:1   | 11552 ||| READING 3 scrolls of teleportation.
 11553 | Lair:1   | HP: 10/101 [skyshark (12)]
 11553 | Lair:1   | Slain by a komodo dragon

Levels and vault maps discovered:
D:1:      dpeg_arrival_tiny_a, layout_rooms, dreamdust_princess_corridor,
          serial_bayou_pond_b, st_stairs_6, minmay_pentomino_w2
D:2:      layout_rooms
D:3:      layout_basic, ebering_ecumenical_altar_box, uniq_terence,
          uniq_natasha, uniq_crazy_yiuf_cottage
D:4:      layout_loops_cross, minmay_temple_entry_fiery, uniq_duvessa
D:5:      layout_loops_ring, zin_angel
D:6:      layout_basic, mainiacjoe_overflow_concentric_impassable,
          ebering_ghost_rock_garden, uniq_sigmund, uniq_prince_ribbit1
D:7:      lemuel_bear_cage, layout_loops_corners, tso_altar,
          vehumet_altar_wand_db
D:8:      layout_loops_cross, grunt_dithmenos_shadows,
          nemelex_spade_bored_becter, gammafunk_ghost_abyssal_escape,
          nicolae_elevator_lobby_plus, uniq_joseph
D:9:      layout_loops_corners, nicolae_overflow_crystal_walls, worms_lemuel
D:10:     layout_stronghold, minmay_lair_entry_grove, serial_shops,
          nicolae_shop_crystal, uniq_gastronok, uniq_psyche
Temple:   nicolae_temple_bog_church
Lair:1:   layout_hall_layers
Lair:2:   layout_cave_pods, hellmonk_guarded_unrand_vines, grunt_megastairs_2,
          infiniplex_staircase_pool

Skill      XL: |  1  2  3  4  5  6  7  8  9 10 11 |
---------------+----------------------------------+-----
Ranged Weapons | 3 4 5 6 7 8 9 12 13 14 | 14.7
Fighting       | 2 3 4 5 6 7 9 10 | 10.3
Armour         | 2 4 5 |  5.7
Dodging        | 3 4 5 6 8 |  8.2
Invocations    | 2 4 6 |  6.6
Spellcasting   | |  1.0
Hexes          | |  2.0

Action                     |  1- 3 |  4- 6 |  7- 9 | 10-12 || total
---------------------------+-------+-------+-------+-------++-------
   Fire: Sling             |   105 |    93 |   366 |   221 ||   785
         Arbalest          |       |       |       |    41 ||    41
 Invoke: Heroism           |       |       |    11 |    17 ||    28
    Use: Scroll            |     3 |     4 |     7 |     9 ||    23
         Potion            |     1 |     2 |     3 |     3 ||     9
 Armour: Robe              |     3 |       |       |       ||     3
         Leather armour    |       |     4 |    16 |       ||    20
         Ring mail         |       |       |    25 |    47 ||    72
  Dodge: Dodged            |    16 |    12 |   133 |   195 ||   356

Table legend:
 A = Non-vault XP
 B = Vault XP
 C = Vault XP percentage of total XP
 D = Non-vault monster count
 E = Vault monster count
 F = Vault count percentage of total count
                 A         B        C        D         E       F
            +---------+---------+-------+---------+---------+-------
      Total |   14604 |    5909 |  28.8 |     204 |      34 |  14.3
            +---------+---------+-------+---------+---------+-------
        D:1 |      25 |       9 |  26.5 |      13 |       7 |  35.0
        D:2 |      34 |       0 |   0.0 |      16 |       0 |   0.0
        D:3 |      94 |      71 |  43.0 |      15 |       2 |  11.8
        D:4 |     231 |     204 |  46.9 |      21 |       2 |   8.7
        D:5 |     912 |       0 |   0.0 |      13 |       0 |   0.0
        D:6 |     517 |     517 |  50.0 |      13 |       2 |  13.3
        D:7 |     691 |       2 |   0.3 |      20 |       1 |   4.8
        D:8 |     877 |     571 |  39.4 |      21 |       2 |   8.7
        D:9 |    3446 |     167 |   4.6 |      41 |       1 |   2.4
       D:10 |    5019 |    4125 |  45.1 |      19 |      15 |  44.1
     Lair:1 |    2624 |      90 |   3.3 |      11 |       1 |   8.3
     Lair:2 |     134 |     153 |  53.3 |       1 |       1 |  50.0
            +---------+---------+-------+---------+---------+-------
